 Dungeon Crawl Stone Soup version 0.16.2-12-gd0ad4c3 (webtiles) character file.

85 Klogten the Charmwright (level 4, -7/34 HPs)
             Began as a Merfolk Skald on Nov 1, 2015.
             Killed by divine providence
             ... invoked by an orc priest
              (14 damage)
             ... on level 3 of the Dungeon.
             The game lasted 00:11:03 (2881 turns).

Klogten the Charmwright (Merfolk Skald)             Turns: 2881, Time: 00:11:03

Health: -7/34      AC: 12    Str: 13    XL:     4   Next: 48%
Magic:  7/7        EV:  6    Int: 11    God:
Gold:   52         SH:  0    Dex: 13    Spells: 1 memorised, 6 levels left

rFire  . . .     SeeInvis .     a - +0 falchion
rCold  . . .     Clarity  .     e - +0 chain mail (curse)
rNeg   . . .     SustAb   +     (no shield)
rPois  .         Gourm    .     g - +0 helmet
rElec  .         Spirit   .     m - +0 cloak
rCorr  .         Warding  .     q - +1 pair of gloves
rMut   .         Stasis   .     (no boots)
MR     .....                    (no amulet)
Stlth  ..........               (no ring)
                                t - ring of sustain abilities

@: very slightly contaminated, not resistant to hostile enchantments, extremely
unstealthy
A: change form in water, swift swim
a: no special abilities


You were on level 3 of the Dungeon.
You were not hungry.

You visited 1 branch of the dungeon, and saw 3 of its levels.

You collected 52 gold pieces.

Inventory:

Hand weapons
 a - a +0 falchion (weapon)
Armour
 b - a +0 leather armour
 e - a cursed +0 chain mail (worn)
 g - a +0 helmet (worn)
 m - a +0 cloak (worn)
 q - a +1 pair of gloves (worn)
Jewellery
 t - a ring of sustain abilities (left hand)
Scrolls
 j - 2 scrolls of teleportation
 k - a scroll of recharging {unknown}
 l - a scroll of blinking {unknown}
 n - a scroll of fog {unknown}
 p - a scroll of amnesia {unknown}
 s - a scroll of enchant armour {unknown}
 v - a scroll of remove curse {unknown}
 w - a scroll of enchant weapon {unknown}
 x - 3 scrolls of identify
 y - a scroll of fear {unknown}
Potions
 h - a potion of agility
 r - a potion of lignification
Books
 c - a book of Battle

   Spells                             Type                      Level
   a - Infusion                       Charms                       1
   b - Shroud of Golubria             Charms/Translocation         2
   c - Song of Slaying                Charms                       2
   d - Spectral Weapon                Hexes/Charms                 3
   e - Regeneration                   Charms/Necromancy            3
Comestibles
 d - a bread ration
 f - a meat ration
 i - a royal jelly
 o - 5 fruits
 u - 2 chunks of flesh


   Skills:
 + Level 2.4 Fighting
 + Level 2.5 Long Blades
 + Level 1.6 Armour
 + Level 2.8 Dodging
 + Level 2.1 Spellcasting
 + Level 4.0 Charms


You had 6 spell levels left.
You knew the following spells:

 Your Spells              Type           Power        Failure   Level  Hunger
a - Infusion              Chrm           ##....       99%         1    ##.....


Dungeon Overview and Level Annotations

Branches:
Dungeon (3/15)

Altars:


Message History

The bat hits you but does no damage.
The sky beast flickers out of sight!
Deactivating autopickup; reactivate with Ctrl-A.
You hit the bat.
The bat is moderately wounded.
The bat closely misses you.
You miss the bat.
The bat is moderately wounded.
The bat hits you but does no damage. x3
You closely miss the bat.
The bat is moderately wounded.
The bat hits you but does no damage. The bat barely misses you.
You closely miss the bat.
The bat is moderately wounded.
The bat barely misses you. The bat hits you but does no damage.
The bat hits you but does no damage.
You slash the bat!
You kill the bat!
The orc priest invokes the aid of Beogh against you.
Something smites you!
You die...

###### ......###
........o##########
........b.o.@.....#
.......#o########.#
.......oo
..........
.##.#...... #
....#### .....#
...... ...


You could see an orc priest, 2 orcs and a bat.

Vanquished Creatures
  3 adders (D:2)
  A giant mite (D:2)
  A worm (D:2)
  4 giant geckos
  An ooze (D:2)
  A ball python (D:1)
  4 bats
  3 giant cockroaches
  3 hobgoblins (D:1)
  2 kobolds (D:1)
  2 giant newts
  7 goblins
  6 jackals (D:2)
  4 rats
42 creatures vanquished.

Notes
Turn   | Place    | Note
--------------------------------------------------------------
     0 | D:1      | Klogten, the Merfolk Skald, began the quest for the Orb.
     0 | D:1      | Reached XP level 1. HP: 16/16 MP: 3/3
     1 | D:1      | Noticed an electric eel
   103 | D:1      | Reached XP level 2. HP: 8/22 MP: 4/4
   613 | D:1      | Reached skill level 4 in Charms
   973 | D:1      | Reached skill level 1 in Armour
  1250 | D:1      | Reached XP level 3. HP: 27/27 MP: 6/6
  1865 | D:2      | HP: 2/40 [poisoned by an adder]
  2234 | D:2      | Reached XP level 4. HP: 17/34 MP: 7/7
  2864 | D:3      | Noticed a sky beast
  2881 | D:3      | Killed from afar by an orc priest

Action                   |  1- 3 |  4- 6 || total
-------------------------+-------+-------++-------
Melee: Falchion          |   147 |    64 ||   211
 Cast: Infusion          |     1 |       ||     1
  Use: Scroll            |     2 |     1 ||     3
       Potion            |     1 |       ||     1
  Eat: Beef jerky        |     1 |       ||     1
       Chunk             |     2 |       ||     2
       Bread ration      |       |     1 ||     1
